3L
TOLEDO STINGERS @ ECHO PARK LAKERS
09/03/2041
 
TOP OF THE 1ST
Toledo Stingers batting - Pitching for Echo Park Lakers : RHP Jordan Calhoun
Pitching: RHP Jordan Calhoun
Batting: RHB Brook Linen 0-0: Foul Ball, location: 2F
0-1: Fly out, F4 (Popup, 4D, EV 64.4 MPH)
Batting: LHB Matt Dunlap 0-0: Called Strike
0-1: Ball
1-1: Ball
2-1: Foul Ball, location: 2F
2-2: Ground out 4-3 (Groundball, 4, EV 88.1 MPH)
Batting: LHB Pedro Serano 0-0: Ground out 6-3 (Groundball, 56, EV 100.0 MPH)
Top of the 1st over - 0 runs, 0 hits, 0 errors, 0 left on base; Toledo 0 - Echo Park 0
BOTTOM OF THE 1ST
Echo Park Lakers batting - Pitching for Toledo Stingers : LHP An Jang-Yop
Pitching: LHP An Jang-Yop
Batting: RHB Ger Jobse 0-0: Ball
1-0: Foul Ball, location: 2F
1-1: Ball
2-1: Fly out, F7 (Flyball, 7S, EV 78.1 MPH)
Batting: LHB Philip Todd 0-0: SINGLE (Flyball, 78M, EV 91.2 MPH)
Batting: RHB Phil Gillespie 0-0: Ball
1-0: Ball
2-0: Ball
3-0: Called Strike
3-1: Called Strike
3-2: Fly out, F9 (Flyball, 89S, EV 76.9 MPH)
Batting: RHB Komotay Koffie 0-0: Ball
1-0: Ball
2-0: Ball
3-0: Swinging Strike
3-1: Called Strike
3-2: Foul Ball, location: 2F
3-2: Strikes out swinging
Bottom of the 1st over - 0 runs, 1 hit, 0 errors, 1 left on base; Toledo 0 - Echo Park 0
TOP OF THE 2ND
Toledo Stingers batting - Pitching for Echo Park Lakers : RHP Jordan Calhoun
Batting: LHB Lester Threlfall 0-0: Ball
1-0: Foul Ball, location: 2F
1-1: Called Strike
1-2: Strikes out swinging
Batting: SHB Adam Clements 0-0: Called Strike
0-1: Called Strike
0-2: Fly out, F9 (Flyball, 9LM, EV 91.9 MPH)
Batting: RHB David Alcabú 0-0: Foul Ball, location: 2F
0-1: Foul Ball, location: 2F
0-2: Strikes out swinging
Top of the 2nd over - 0 runs, 0 hits, 0 errors, 0 left on base; Toledo 0 - Echo Park 0
BOTTOM OF THE 2ND
Echo Park Lakers batting - Pitching for Toledo Stingers : LHP An Jang-Yop
Batting: LHB Joe Schreibvogel 0-0: Ball
1-0: Called Strike
1-1: Swinging Strike
1-2: Foul Ball, location: 2F
1-2: Strikes out looking
Batting: RHB Ryoma Yamamoto 0-0: Ball
1-0: Ball
2-0: Called Strike
2-1: Called Strike
2-2: Ball
3-2: Ground out 5-3 (Groundball, 5S, EV 86.2 MPH)
Batting: LHB José Vera 0-0: Ball
1-0: Swinging Strike
1-1: Foul Ball, location: 2F
1-2: Strikes out looking
Bottom of the 2nd over - 0 runs, 0 hits, 0 errors, 0 left on base; Toledo 0 - Echo Park 0
TOP OF THE 3RD
Toledo Stingers batting - Pitching for Echo Park Lakers : RHP Jordan Calhoun
Batting: LHB Grover Barbaran 0-0: Ball
1-0: Ball
2-0: Called Strike
2-1: Ball
3-1: Called Strike
3-2: Strikes out looking
Batting: RHB Alfredo Martínez 0-0: Ball
1-0: Called Strike
1-1: Ball
2-1: Foul Ball, location: 2F
2-2: SINGLE (Groundball, 56D, EV 99.4 MPH)
Batting: RHB Anselmo Berneu 0-0: Ball
1-0: Ball
2-0: 2-RUN HOME RUN (Flyball, 78XD, EV 106.2 MPH), Distance : 384 ft
Batting: RHB Brook Linen 0-0: Swinging Strike
0-1: Fly out, F9 (Flyball, 89M, EV 87.5 MPH)
Batting: LHB Matt Dunlap 0-0: Called Strike
0-1: Ball
1-1: Foul Ball, location: 2F
1-2: Ball
2-2: Ground out 5-3 (Groundball, 56, EV 80.0 MPH)
Top of the 3rd over - 2 runs, 2 hits, 0 errors, 0 left on base; Toledo 2 - Echo Park 0
BOTTOM OF THE 3RD
Echo Park Lakers batting - Pitching for Toledo Stingers : LHP An Jang-Yop
Batting: LHB Ben Bullock 0-0: Ball
1-0: Swinging Strike
1-1: Ball
2-1: Ground out 6-3 (Groundball, 6M, EV 87.5 MPH)
Batting: SHB Ryan Wood 0-0: Swinging Strike
0-1: Called Strike
0-2: Foul Ball, location: 2F
0-2: Strikes out looking
Batting: RHB Ger Jobse 0-0: Called Strike
0-1: Ball
1-1: Ball
2-1: TRIPLE (Flyball, 89XD, EV 101.2 MPH)
Batting: LHB Philip Todd 0-0: Ball
1-0: Foul Ball, location: 2F
1-1: Ball
2-1: Foul Ball, location: 2F
2-2: Foul Ball, location: 2F
2-2: Foul Ball, location: 2F
2-2: Ground out U3 (Groundball, 34, EV 83.8 MPH)
Bottom of the 3rd over - 0 runs, 1 hit, 0 errors, 1 left on base; Toledo 2 - Echo Park 0
TOP OF THE 4TH
Toledo Stingers batting - Pitching for Echo Park Lakers : RHP Jordan Calhoun
Batting: LHB Pedro Serano 0-0: Ground out 5-3 (Groundball, 56, EV 87.5 MPH)
Batting: LHB Lester Threlfall 0-0: Foul Ball, location: 2F
0-1: Foul Ball, location: 2F
0-2: Fly out, F7 (Flyball, 7LD, EV 103.8 MPH)
Batting: SHB Adam Clements 0-0: Called Strike
0-1: Foul Ball, location: 2F
0-2: Foul Ball, location: 2F
0-2: Foul Ball, location: 2F
0-2: TRIPLE (Flyball, 89XD, EV 93.1 MPH)
Batting: RHB David Alcabú 0-0: Reached on error, E5 (Groundball, 56S, EV 68.8 MPH)
Adam Clements scores
Batting: LHB Grover Barbaran 0-0: Ball
1-0: Foul Ball, location: 2F
1-1: Called Strike
1-2: Ball
2-2: Ball
3-2: Base on Balls
David Alcabú to second
Batting: RHB Alfredo Martínez 0-0: Ball
1-0: Foul Ball, location: 2F
1-1: Swinging Strike
1-2: Foul Ball, location: 2F
1-2: Ball
2-2: Ball
3-2: Base on Balls
David Alcabú to third
Grover Barbaran to second
Batting: RHB Anselmo Berneu 0-0: Foul Ball, location: 2F
0-1: Ball
1-1: Swinging Strike
1-2: Foul Ball, location: 2F
1-2: Ball
2-2: Ball
3-2: Foul Ball, location: 2F
3-2: Fly out, F7 (Flyball, 78M, EV 75.6 MPH)
Top of the 4th over - 1 run, 1 hit, 1 error, 3 left on base; Toledo 3 - Echo Park 0
BOTTOM OF THE 4TH
Echo Park Lakers batting - Pitching for Toledo Stingers : LHP An Jang-Yop
Batting: RHB Phil Gillespie 0-0: Ball
1-0: Ball
2-0: Called Strike
2-1: Ball
3-1: Base on Balls
Pitching: RHP Tsugahara Hori
Batting: RHB Komotay Koffie 0-0: Ball
1-0: Called Strike
1-1: Swinging Strike
1-2: Ball
2-2: Foul Ball, location: 2F
2-2: Grounds into double play, 6-4-3 (Groundball, 6, EV 86.9 MPH)
Batting: LHB Joe Schreibvogel 0-0: Fly out, F8 (Flyball, 8RD, EV 93.1 MPH)
Bottom of the 4th over - 0 runs, 0 hits, 0 errors, 0 left on base; Toledo 3 - Echo Park 0
TOP OF THE 5TH
Toledo Stingers batting - Pitching for Echo Park Lakers : RHP Jordan Calhoun
Batting: RHB Brook Linen 0-0: Ball
1-0: Ball
2-0: Ball
3-0: Called Strike
3-1: Fly out, F9 (Flyball, 89S, EV 94.4 MPH)
Batting: LHB Matt Dunlap 0-0: Called Strike
0-1: Called Strike
0-2: SINGLE (Groundball, 34D, EV 97.5 MPH)
Batting: LHB Pedro Serano 0-0: Ball
1-0: Swinging Strike
1-1: Called Strike
1-2: Ball
2-2: Strikes out looking
Pitching: RHP Ken Peterson
Batting: LHB Lester Threlfall 0-0: Ground out 5-3 (Groundball, 56S, EV 81.9 MPH)
Top of the 5th over - 0 runs, 1 hit, 0 errors, 1 left on base; Toledo 3 - Echo Park 0
BOTTOM OF THE 5TH
Echo Park Lakers batting - Pitching for Toledo Stingers : RHP Tsugahara Hori
Batting: RHB Ryoma Yamamoto 0-0: Called Strike
0-1: Foul Ball, location: 2F
0-2: Ball
1-2: Ground out 1-3 (Groundball, 34S, EV 63.1 MPH)
Batting: LHB José Vera 0-0: Ball
1-0: Ball
2-0: Fly out, F9 (Flyball, 9LM, EV 92.5 MPH)
Batting: LHB Ben Bullock 0-0: Called Strike
0-1: Ball
1-1: Swinging Strike
1-2: Strikes out swinging
Bottom of the 5th over - 0 runs, 0 hits, 0 errors, 0 left on base; Toledo 3 - Echo Park 0
TOP OF THE 6TH
Toledo Stingers batting - Pitching for Echo Park Lakers : RHP Ken Peterson
Batting: SHB Adam Clements 0-0: Foul Ball, location: 2F
0-1: Foul Ball, location: 2F
0-2: Ball
1-2: Ball
2-2: Ball
3-2: DOUBLE (Line Drive, 78D, EV 109.4 MPH)
Batting: RHB David Alcabú 0-0: Ground out 6-3 (Groundball, 6, EV 83.8 MPH)
Adam Clements to third
Batting: LHB Grover Barbaran 0-0: SINGLE (Line Drive, 6MD, EV 97.5 MPH)
Adam Clements scores
Batting: RHB Alfredo Martínez 0-0: Foul Ball, location: 2F
0-1: Ball
1-1: Ball
2-1: Called Strike
2-2: Strikes out swinging
Batting: RHB Anselmo Berneu 0-0: Ground out 5-3 (Groundball, 56S, EV 72.5 MPH)
Top of the 6th over - 1 run, 2 hits, 0 errors, 1 left on base; Toledo 4 - Echo Park 0
BOTTOM OF THE 6TH
Echo Park Lakers batting - Pitching for Toledo Stingers : RHP Tsugahara Hori
Batting: SHB Ryan Wood 0-0: Foul Ball, location: 2F
0-1: Ground out 5-3 (Groundball, 5, EV 87.5 MPH)
Batting: RHB Ger Jobse 0-0: Ball
1-0: Fly out, F8 (Line Drive, 8LD, EV 91.2 MPH)
Batting: LHB Philip Todd 0-0: Called Strike
0-1: Ball
1-1: SINGLE (Groundball, 34D, EV 108.1 MPH)
Batting: RHB Phil Gillespie 0-0: Ball
Passed Ball!
Philip Todd to second
1-0: Called Strike
1-1: Ball
2-1: Ball
3-1: Base on Balls
Batting: RHB Komotay Koffie 0-0: Called Strike
0-1: Ball
1-1: Foul Ball, location: 2F
1-2: Ball
2-2: Ball
3-2: Strikes out swinging
Bottom of the 6th over - 0 runs, 1 hit, 0 errors, 2 left on base; Toledo 4 - Echo Park 0
TOP OF THE 7TH
Toledo Stingers batting - Pitching for Echo Park Lakers : RHP Ken Peterson
Batting: RHB Brook Linen 0-0: Ball
1-0: Ground out 5-3 (Groundball, 5S, EV 71.2 MPH)
Batting: LHB Matt Dunlap 0-0: Called Strike
0-1: Ball
1-1: Ball
2-1: Foul Ball, location: 2F
2-2: Ball
3-2: Base on Balls
Batting: LHB Pedro Serano 0-0: Ball
1-0: Ball
2-0: Fly out, F6 (Popup, 6MS, EV 62.5 MPH)
Pitching: LHP Francisco Rivas
Batting: LHB Lester Threlfall 0-0: DOUBLE (Line Drive, 9LD, EV 105.6 MPH)
Matt Dunlap to third
Runner from 3rd tries for Home, throw by RF and OUT! 9-4-2
Top of the 7th over - 0 runs, 1 hit, 0 errors, 1 left on base; Toledo 4 - Echo Park 0
BOTTOM OF THE 7TH
Echo Park Lakers batting - Pitching for Toledo Stingers : RHP Tsugahara Hori
Batting: LHB Joe Schreibvogel 0-0: Ground out 6-3 (Groundball, 56, EV 104.4 MPH)
Batting: RHB Ryoma Yamamoto 0-0: Ball
1-0: Called Strike
1-1: SINGLE (Groundball, 34D, EV 98.8 MPH)
Batting: LHB José Vera 0-0: Fly out, F8 (Flyball, 8LD, EV 103.1 MPH)
Batting: LHB Ben Bullock 0-0: SINGLE (Line Drive, 89S, EV 109.4 MPH)
Ryoma Yamamoto to second
Batting: SHB Ryan Wood 0-0: Called Strike
0-1: SINGLE (Line Drive, 7S, EV 102.5 MPH)
Ryoma Yamamoto to third
Ben Bullock to second
Batting: RHB Ger Jobse 0-0: Ball
1-0: Foul Ball, location: 2F
1-1: Ball
2-1: Foul Ball, location: 2F
2-2: Ground out U3 (Groundball, 34, EV 107.5 MPH)
Bottom of the 7th over - 0 runs, 3 hits, 0 errors, 3 left on base; Toledo 4 - Echo Park 0
TOP OF THE 8TH
Toledo Stingers batting - Pitching for Echo Park Lakers : LHP Francisco Rivas
Batting: SHB Adam Clements 0-0: Swinging Strike
0-1: Swinging Strike
0-2: Strikes out swinging
Batting: RHB David Alcabú 0-0: Called Strike
0-1: Swinging Strike
0-2: Strikes out swinging
Batting: LHB Grover Barbaran 0-0: Ball
1-0: SINGLE (Groundball, 6MD, EV 93.8 MPH)
Batting: RHB Alfredo Martínez 0-0: Hit by Pitch
Grover Barbaran to second
Batting: RHB Anselmo Berneu 0-0: Called Strike
0-1: Ball
1-1: Ball
2-1: Ball
3-1: Base on Balls
Grover Barbaran to third
Alfredo Martínez to second
Pitching: RHP Mark Collingwood
Batting: RHB Brook Linen 0-0: SINGLE (Flyball, 78S, EV 95.6 MPH)
Grover Barbaran scores
Alfredo Martínez to third
Anselmo Berneu to second
Runner from 3rd tries for Home, SAFE, throw by LF to home
Batting: LHB Matt Dunlap 0-0: Ball
1-0: Ball
2-0: Swinging Strike
2-1: 3-RUN HOME RUN (Flyball, 9D, EV 87.5 MPH), Distance : 394 ft
Pinch Hitting: RHB Jesús Morán 0-0: SINGLE (Line Drive, 7LS, EV 88.1 MPH)
Batting: LHB Lester Threlfall 0-0: Fly out, F8 (Flyball, 89D, EV 105.6 MPH)
Top of the 8th over - 5 runs, 4 hits, 0 errors, 1 left on base; Toledo 9 - Echo Park 0
BOTTOM OF THE 8TH
Echo Park Lakers batting - Pitching for Toledo Stingers : RHP Tsugahara Hori
Now at 1B: Joey Trifone
Batting: LHB Philip Todd 0-0: Called Strike
0-1: Foul Ball, location: 2F
0-2: Foul Ball, location: 2F
0-2: Foul Ball, location: 2F
0-2: Ball
1-2: Strikes out swinging
Batting: RHB Phil Gillespie 0-0: Foul Ball, location: 2F
0-1: Ball
1-1: Foul Ball, location: 2F
1-2: Ball
2-2: Ball
3-2: Strikes out looking
Batting: RHB Komotay Koffie 0-0: Foul Ball, location: 2F
0-1: Called Strike
0-2: Foul Ball, location: 2F
0-2: Foul Ball, location: 2F
0-2: Ball
1-2: Fly out, F9 (Flyball, 9D, EV 106.2 MPH)
Bottom of the 8th over - 0 runs, 0 hits, 0 errors, 0 left on base; Toledo 9 - Echo Park 0
TOP OF THE 9TH
Toledo Stingers batting - Pitching for Echo Park Lakers : RHP Mark Collingwood
Batting: SHB Adam Clements 0-0: Called Strike
0-1: Called Strike
0-2: Strikes out swinging
Batting: RHB David Alcabú 0-0: Foul Ball, location: 2F
0-1: Fly out, F8 (Flyball, 8RS, EV 82.5 MPH)
Batting: LHB Grover Barbaran 0-0: DOUBLE (Line Drive, 78XD, EV 99.4 MPH)
Batting: RHB Alfredo Martínez 0-0: Ball
1-0: Ball
2-0: Ball
3-0: Base on Balls
Batting: RHB Anselmo Berneu 0-0: Ground out U3 (Groundball, 34, EV 87.5 MPH)
Top of the 9th over - 0 runs, 1 hit, 0 errors, 2 left on base; Toledo 9 - Echo Park 0
BOTTOM OF THE 9TH
Echo Park Lakers batting - Pitching for Toledo Stingers : RHP Tsugahara Hori
Batting: LHB Joe Schreibvogel 0-0: Ball
1-0: Ball
2-0: DOUBLE (Line Drive, 3D, EV 104.4 MPH)
Pitching: LHP Ricky McCauley
Batting: RHB Ryoma Yamamoto 0-0: Foul Ball, location: 2F
0-1: Ball
1-1: Ball
2-1: DOUBLE (Line Drive, 78XD, EV 108.8 MPH)
Joe Schreibvogel scores
Batting: LHB José Vera 0-0: Foul Ball, location: 2F
0-1: Called Strike
0-2: Ball
Wild Pitch!
Ryoma Yamamoto to third
1-2: Foul Ball, location: 2F
1-2: Ball
2-2: Strikes out swinging
Batting: LHB Ben Bullock 0-0: Foul Ball, location: 2F
0-1: Swinging Strike
0-2: Ball
1-2: Strikes out swinging
Batting: SHB Ryan Wood 0-0: Called Strike
0-1: DOUBLE (Flyball, 89XD, EV 110.6 MPH)
Ryoma Yamamoto scores
Batting: RHB Ger Jobse 0-0: Ball
1-0: Foul Ball, location: 2F
1-1: Ball
2-1: Ball
3-1: Ground out 2-3 (Groundball, 15S, EV 69.4 MPH)
Bottom of the 9th over - 2 runs, 3 hits, 0 errors, 1 left on base; Toledo 9 - Echo Park 2
Tuesday, January 5th, 2021 - OOTP Baseball 20.8 Build 74